 Dungeon Crawl Stone Soup version 0.18.1-50-g88ac8fd (webtiles) character file.

17546 lmnt the Protected (level 12, 0/112 HPs)
             Began as a Minotaur Berserker on Sept 29, 2016.
             Was a High Priest of Trog.
             Killed from afar by Erica (27 damage)
             ... with an orb of energy
             ... on level 2 of the Lair of Beasts.
             The game lasted 01:08:11 (10368 turns).

lmnt the Protected (Minotaur Berserker)            Turns: 10368, Time: 01:08:11

Health: 0/112      AC: 14    Str: 28    XL:     12   Next: 19%
Magic:  11/11      EV: 13    Int:  4    God:    Trog [*****.]
Gold:   236        SH:  0    Dex: 12    Spells: 0 memorised, 11 levels left

rFire  . . .     SeeInvis .     a - +4 rapier (venom)
rCold  . . .     Gourm    .     A - +1 chain mail of the Meadowlark {Str+3} (curse)
rNeg   . . .     Faith    .     (no shield)
rPois  .         Spirit   .     (helmet restricted)
rElec  .         Dismiss  .     h - +0 cloak
rCorr  .         Reflect  .     (no gloves)
SustAt .         Harm     .     w - +0 pair of boots
MR     .....                    (no amulet)
Stlth  ..........               H - -3 ring of protection (curse)
                                j - ring of loudness (curse)

@: lethally poisoned (0 -> -18), not resistant to hostile enchantments,
extremely unstealthy
A: retaliatory headbutt, horns 2
a: Berserk, Trog's Hand, Brothers in Arms, Burn Spellbooks, Renounce Religion


You were on level 2 of the Lair of Beasts.
You worshipped Trog.
Trog was extremely pleased with you.
You were hungry.

You visited 2 branches of the dungeon, and saw 12 of its levels.

You collected 445 gold pieces.
You spent 209 gold pieces at shops.

Inventory:

Hand Weapons
 a - a +4 rapier of venom (weapon)
 f - a +2 short sword of draining
 k - a +6 blowgun
 B - a +1 hand axe of freezing
 D - a +0 dagger of venom
Missiles
 t - 89 arrows
 C - 7 tomahawks of dispersal (quivered)
Armour
 h - a +0 cloak (worn)
 w - a +0 pair of boots (worn)
 x - a +0 plate armour
 y - a +0 ring mail
 A - the cursed +1 chain mail of the Meadowlark (worn) {Str+3}
   (You bought it in a shop on level 9 of the Dungeon)

   It affects your strength (+3).
   It has a curse placed upon it.
Jewellery
 b - an uncursed ring of ice
 j - a cursed ring of loudness (left hand)
 H - a cursed -3 ring of protection (right hand)
Wands
 d - a wand of disintegration (15/24)
 e - a wand of polymorph (9/24)
 q - a wand of disintegration (9/24)
 r - a wand of paralysis (7/24)
 z - a wand of disintegration (6/24)
Scrolls
 g - 3 scrolls of remove curse
 i - 2 scrolls of enchant weapon
 n - a scroll of enchant armour
 v - a scroll of noise
 G - 2 scrolls of recharging
Potions
 p - a potion of magic
 u - 4 potions of flight
Miscellaneous
 l - a plain deck of defence
Comestibles
 c - 2 bread rations
 m - 4 fruits
 o - a slice of pizza
 s - a royal jelly
 K - 2 meat rations


   Skills:
 + Level 12.1 Fighting
 + Level 10.2 Short Blades
 + Level 4.8 Axes
 + Level 13.9 Armour
 + Level 9.5 Dodging
 + Level 1.5 Stealth


You had 11 spell levels left.
You didn't know any spells.

Dungeon Overview and Level Annotations

Branches:
Dungeon (10/15)              Lair (2/8) D:10
 Temple: D:4-7          Orc: D:9-12

Altars:
Dithmenos
Kikubaaqudgha
Nemelex Xobeh
Pakellas
The Shining One

Shops:
D:9 [:=

Annotations:
Lair:2 Erica


Innate Abilities, Weirdness & Mutations

You reflexively headbutt those who attack you in melee.
You have a pair of horns on your head.


Message History

You barely miss the river rat. Your headbutt misses the river rat.
You feel sick.
The river rat bites you but does no damage.
You hear some strange, mumbled words.
A bolt of poison appears from out of thin air!
The bolt of poison hits you!
You are more poisoned.
You hit the river rat.
The river rat is poisoned.
You headbutt the river rat!
You kill the river rat!
Trog accepts your kill.
You feel sick.
You feel sick.
Things that are here:
a worker ant corpse x3
You feel very sick.
You feel sick.
You hear some strange, mumbled words.
An orb of energy appears from out of thin air!
The orb of energy hits you!
You die...

#....#..................##
#.....###.#.####.###......
#....#.#.###..#.# .#.###..
#.....#.##.##..# .#.#...#P
#....#..#.#....##..#......
#....##...#......##.......
#.....##..#..##....#.>....
#....#....#..#...# .......
#P..#.##..@...†...#.#......
#..# ##.#..†...#..#.......
#.............#...#..
..##...#.#..#.##......
#.#..##.#..##.# #...#..
#.##. .#..#.. .##...#.. #
##.####.#.# # ...... r# .
... .... .. .. ..P ....


There were no monsters in sight!

Vanquished Creatures
  Fannar (Lair:2)
  A queen ant (Lair:2)
  16 elephants (Lair:1)
  A black mamba (Lair:2)
  Maurice (D:9)
  5 spiny frogs
  Psyche (D:8)
  A rime drake (Lair:2)
  A komodo dragon (Lair:2)
  A basilisk (Lair:1)
  A wyvern (D:8)
  12 yaks
  A hungry ghost (D:8)
  4 soldier ants (Lair:2)
  A warg (D:10)
  2 water moccasins
  Duvessa (D:7)
  3 porcupines
  An ice beast (D:9)
  A black bear (Lair:2)
  A sky beast (D:10)
  4 ogres
  A wasp (D:9)
  A necrophage (D:9)
  2 phantoms
  3 centaurs
  3 crocodiles
  2 big kobolds
  8 giant frogs
  Dowan (D:7)
  A scorpion (D:9)
  A wight (Lair:1)
  4 howler monkeys (D:7)
  2 vampire bats (D:4)
  A quasit (D:8)
  A hound (D:8)
  An orc wizard (D:8)
  An orc priest (D:10)
  A giant frog skeleton (D:9)
  4 iguanas
  14 worker ants
  A worker ant zombie (D:6)
  4 gnolls (D:2)
  8 river rats
  5 adders
  2 worms (D:2)
  3 dart slugs
  2 giant geckos
  18 orcs
  9 bats
  3 bat skeletons (D:4)
  2 bat zombies (D:4)
  4 giant cockroaches
  5 goblins
  8 hobgoblins
  12 jackals
  42 kobolds
  3 quokkas
  2 ball pythons
  4 giant newts
  7 rats
  A fungus (Lair:1)
  3 plants
261 creatures vanquished.

Vanquished Creatures (collateral kills)
  The ghost of shugdite the Basher, a novice MiFi of Okawaru (D:8)
  Sonja (Lair:1)
  An elephant (Lair:1)
  A troll (D:10)
  2 yaks (Lair:2)
  A warg (D:10)
  An orc warrior (D:10)
  A giant frog (Lair:1)
9 creatures vanquished.

Vanquished Creatures (others)
  A quokka (D:7)
  57 fungi
  40 plants
98 creatures vanquished.

Grand Total: 368 creatures vanquished

Notes
Turn   | Place    | Note
--------------------------------------------------------------
     0 | D:1      | lmnt the Minotaur Berserker began the quest for the Orb.
     0 | D:1      | Reached XP level 1. HP: 19/19 MP: 0/0
   462 | D:1      | Reached XP level 2. HP: 26/27 MP: 1/1
   860 | D:1      | Reached XP level 3. HP: 33/33 MP: 2/2
  1023 | D:1      | Reached ** piety under Trog
  1349 | D:2      | Found a sparkling altar of Nemelex Xobeh.
  1367 | D:2      | Reached XP level 4. HP: 28/40 MP: 3/3
  1371 | D:2      | Reached skill level 3 in Armour
  1998 | D:2      | Reached *** piety under Trog
  2079 | D:3      | Reached XP level 5. HP: 44/47 MP: 4/4
  2388 | D:4      | Noticed a phantom
  2429 | D:4      | Killed a phantom
  2429 | D:4      | Reached skill level 1 in Short Blades
  2429 | D:4      | Reached skill level 4 in Armour
  2429 | D:4      | Reached XP level 6. HP: 39/55 MP: 5/5
  2552 | D:4      | Found an ancient bone altar of Kikubaaqudgha.
  2554 | D:4      | Reached skill level 5 in Fighting
  2599 | D:5      | Entered Level 5 of the Dungeon
  2720 | D:5      | Reached skill level 5 in Armour
  2720 | D:5      | Reached XP level 7. HP: 26/62 MP: 6/6
  2915 | D:6      | Found an oddly glowing altar of Pakellas.
  3211 | D:7      | Noticed Dowan
  3212 | D:7      | Noticed Duvessa
  3216 | D:7      | Reached skill level 5 in Dodging
  3218 | D:7      | Reached skill level 6 in Armour
  3219 | D:7      | Killed Duvessa
  3225 | D:7      | Killed Dowan
  3225 | D:7      | Reached **** piety under Trog
  3225 | D:7      | Reached XP level 8. HP: 71/71 MP: 7/7
  3261 | D:7      | You fall through a shaft!
  3532 | D:8      | Noticed shugdite's ghost (novice MiFi)
  3565 | D:8      | Killed shugdite's ghost
  3565 | D:8      | Reached skill level 7 in Armour
  4036 | D:8      | Noticed Psyche
  4040 | D:8      | Reached skill level 8 in Armour
  4364 | D:8      | Reached XP level 9. HP: 76/79 MP: 8/8
  4709 | D:8      | Found a shadowy altar of Dithmenos.
  4873 | D:8      | Killed Psyche
  4873 | D:8      | Reached skill level 5 in Short Blades
  4918 | D:9      | Found a glowing golden altar of the Shining One.
  4937 | D:9      | Reached skill level 1 in Stealth
  4955 | D:9      | Found Weduru Wacu's Antique Armour Emporium.
  5194 | D:9      | Bought a brightly glowing chain mail for 209 gold pieces
  5204 | D:9      | Identified the cursed +1 chain mail of the Meadowlark {Str+3} (You bought it in a shop on level 9 of the Dungeon)
  5229 | D:9      | Reached ***** piety under Trog
  5256 | D:9      | Found Zetio's Book Boutique.
  5275 | D:9      | Found Danutuy's Jewellery Shop.
  5285 | D:9      | Reached skill level 9 in Armour
  5318 | D:9      | Noticed Maurice
  5331 | D:9      | Killed Maurice
  5350 | D:10     | Entered Level 10 of the Dungeon
  5549 | D:10     | Found a staircase to the Lair.
  5552 | D:10     | Received a gift from Trog
  5561 | D:10     | Noticed a troll
  5565 | D:10     | Killed a troll
  5565 | D:10     | Reached XP level 10. HP: 23/91 MP: 9/9
  5873 | Lair:1   | Entered Level 1 of the Lair of Beasts
  5873 | Lair:1   | Noticed an elephant
  5878 | Lair:1   | Noticed an elephant
  5880 | Lair:1   | Noticed an elephant
  5887 | Lair:1   | Killed an elephant
  5891 | Lair:1   | Reached skill level 10 in Armour
  5897 | Lair:1   | Killed an elephant
  5903 | Lair:1   | Killed an elephant
  6089 | Lair:1   | Noticed a spiny frog
  6104 | Lair:1   | Killed a spiny frog
  6234 | Lair:1   | Noticed a spiny frog
  6241 | Lair:1   | Killed a spiny frog
  6285 | Lair:1   | Noticed an elephant
  6290 | Lair:1   | Noticed an elephant
  6309 | Lair:1   | Killed an elephant
  6315 | Lair:1   | Killed an elephant
  6315 | Lair:1   | Reached skill level 10 in Fighting
  6315 | Lair:1   | Reached skill level 11 in Armour
  6541 | Lair:1   | Noticed an elephant
  6561 | Lair:1   | Killed an elephant
  6709 | Lair:1   | Noticed an elephant
  6711 | Lair:1   | Noticed an elephant
  6746 | Lair:1   | Killed an elephant
  6752 | Lair:1   | Killed an elephant
  6752 | Lair:1   | Reached XP level 11. HP: 100/101 MP: 10/10
  6809 | Lair:1   | Noticed Sonja
  7056 | Lair:1   | Reached skill level 12 in Armour
  7295 | Lair:1   | Killed Sonja
  8451 | Lair:2   | Gained mutation: You are frail (-10% HP). [potion of mutation]
  8451 | Lair:2   | Gained mutation: You are agile. (Dex +2) [potion of mutation]
  8451 | Lair:2   | Gained mutation: Your magical capacity is low (-10% MP). [potion of mutation]
  8562 | Lair:2   | Noticed Fannar
  8593 | Lair:2   | Killed Fannar
  8593 | Lair:2   | Reached skill level 13 in Armour
  9468 | Lair:2   | Reached XP level 12. HP: 50/100 MP: 9/9
  9479 | Lair:2   | Lost mutation: You are frail (-10% HP). [potion of cure mutation]
  9479 | Lair:2   | Lost mutation: Your magical capacity is low (-10% MP). [potion of cure mutation]
  9479 | Lair:2   | Lost mutation: You are agile. (Dex +2) [potion of cure mutation]
  9937 | Lair:2   | Reached skill level 10 in Short Blades
 10009 | Lair:2   | Noticed a queen ant
 10023 | Lair:2   | Killed a queen ant
 10356 | Lair:2   | Noticed Erica
 10368 | Lair:2   | Killed from afar by Erica

Skill      XL: |  1  2  3  4  5  6  7  8  9 10 11 12 |
---------------+-------------------------------------+-----
Axes           | 4 |  4.8
Fighting       | 4 5 6 7 9 10 12 | 12.1
Dodging        | 3 4 5 7 8 9 |  9.5
Armour         | 3 4 5 6 8 9 11 13 | 13.9
Short Blades   | 1 2 3 4 6 8 9 10 | 10.2
Stealth        | 1 |  1.5

Action                   |  1- 3 |  4- 6 |  7- 9 | 10-12 || total
-------------------------+-------+-------+-------+-------++-------
Melee: Hand axe          |    38 |       |    31 |       ||    69
       Headbutt          |    12 |    17 |    57 |   133 ||   219
       Short sword       |    46 |    91 |    24 |       ||   161
       Rapier            |       |       |   219 |   361 ||   580
Invok: Berserk           |       |     1 |     1 |     3 ||     5
       Burn Spellbooks   |       |       |     1 |       ||     1
       Brothers in Arms  |       |       |     2 |     2 ||     4
  Use: Scroll            |     1 |     3 |     9 |       ||    13
       Potion            |       |       |     1 |     6 ||     7
  Eat: Chunk             |     1 |     6 |       |    17 ||    24
       Bread ration      |       |       |     3 |       ||     3
Armor: Animal skin       |    10 |       |       |       ||    10
       Ring mail         |    23 |    32 |    31 |       ||    86
       Plate armour      |       |       |    68 |       ||    68
       Chain mail        |       |       |    21 |   139 ||   160
Dodge: Dodged            |    63 |    73 |   149 |   191 ||   476
